Thunderbirds vs Eagles
(R1)
Created - October 15, 2023 at 10:05
Goals
|
| Thunderbirds |
1 |
3 |
1 |
1 |
6 |
| Eagles |
2 |
2 |
1 |
0 |
5 |
|
Shots
|
| Thunderbirds |
6 |
9 |
16 |
1 |
32 |
| Eagles |
8 |
12 |
8 |
1 |
29 |
|
1st period
1. Eagles , Tyler Motte 1 (Matteson Iacopelli 1, Zach Aston-Reese 1) at 6:53 (PP)
2. Eagles , Drake Caggiula 1 (Anthony Duclair 1, Connor Carrick 1) at 9:37 (SH)
3. Thunderbirds , Dylan Gambrell 1 (Tyson Jost 1, Radim Simek 1) at 14:32
Penalties :
Anthony Beauvillier (Spr) for Holding (Minor) at 1:57, Dylan Gambrell (Spr) for Interference (Minor) at 6:18, Ryan Murphy (Col) for Tripping (Minor) at 9:23, Joseph Blandisi (Col) for Hooking (Minor) at 17:24
2nd period
4. Thunderbirds , Tyson Jost 1 (Tanner Laczynski 1, Matt Puempel 1) at 0:39
5. Eagles , Joseph Blandisi 1 (Drake Caggiula 1) at 1:20
6. Thunderbirds , Radim Simek 1 (Anthony Beauvillier 1, Brandon Halverson) at 3:44 (PP)
7. Eagles , Anthony Duclair 1 (Drake Caggiula 2, Ryan Murphy 1) at 10:23 (PP)
8. Thunderbirds , Tanner Laczynski 1 (Kale Clague 1) at 14:20
Penalties :
Tyler Motte (Col) for Tripping (Minor) at 2:32, Gabriel Vilardi (Col) for Slashing (Minor) at 5:57, Dylan Gambrell (Spr) for High sticking (Minor) at 9:03, Matteson Iacopelli (Col) for Boarding (Minor) at 16:23, Kale Clague (Spr) for Hooking (Minor) at 19:47
3rd period
9. Thunderbirds , Tyson Jost 2 (Kale Clague 2, Tanner Laczynski 2) at 4:25
10. Eagles , Zach Aston-Reese 1 (Jack Dougherty 1, Tyler Motte 1) at 18:15
Penalties :
Jack Dougherty (Col) for Holding (Minor) at 6:45, Tyler Motte (Col) for Roughing (Minor) at 9:16, Dylan Gambrell (Spr) for Hooking (Minor) at 13:11, Matteson Iacopelli (Col) for Roughing (Minor) at 18:36
Overtime #1
11. Thunderbirds , Andrei Svechnikov 1 (Kale Clague 3, Jerry D'Amigo 1) at 4:28
Penalties :
No Penalty
Goalie Stats
Brandon Halverson (Spr), 24 saves from 29 shots - (0.828), W, 1-0-0, 64:28 minutes
Adin Hill (Col), 26 saves from 32 shots - (0.813), OTL, 0-0-1, 64:28 minutes
Players Stats for Thunderbirds
Player Name G A P +/- PIM S H SB GA TA FO MP PP MP PK MP
------------------------------------------------------------------------------------
Andrei Svechnikov 1 0 1 -1 0 2 1 0 0 0 1/2 19:27 7:45 0:00
Anthony Beauvillier 0 1 1 -2 2 1 3 0 1 0 2/3 23:56 7:45 3:44
Dominik Kahun 0 0 0 -2 0 5 1 1 1 1 16/31 22:22 7:55 2:04
Dylan Gambrell 1 0 1 0 6 3 1 0 0 0 2/6 15:59 6:13 0:00
Grigori Denisenko 0 0 0 0 0 0 3 0 0 0 0/1 15:12 6:02 0:00
Jacob Larsson 0 0 0 -1 0 1 2 1 0 1 0/0 22:40 7:50 0:54
Jake Walman 0 0 0 0 0 0 0 0 0 0 0/0 13:03 0:00 4:38
Jared McIsaac 0 0 0 0 0 0 1 1 0 0 0/0 16:26 6:39 0:00
Jerry D'Amigo 0 1 1 0 0 2 1 0 0 1 0/2 13:14 0:11 2:04
John Draeger 0 0 0 0 0 1 2 1 0 0 0/0 16:52 0:00 3:14
Kale Clague 0 3 3 2 2 3 2 3 3 0 0/0 27:35 7:50 2:20
Kirill Marchenko 0 0 0 0 0 0 1 0 0 0 0/0 7:14 0:00 0:00
Matt Puempel 0 1 1 3 0 1 0 0 0 0 0/0 12:38 0:42 1:14
Morgan Frost 0 0 0 0 0 1 0 0 0 0 1/4 8:24 0:21 0:04
Radim Simek 1 1 2 2 0 3 1 3 0 1 0/0 29:35 6:39 4:38
Roberts Lipsbergs 0 0 0 0 0 1 0 0 1 0 0/0 8:58 0:00 1:44
Tanner Laczynski 1 2 3 4 0 4 1 0 1 1 0/0 18:12 6:33 0:00
Tyson Jost 2 1 3 3 0 4 4 0 1 0 8/15 15:16 0:00 4:50
Players Stats for Eagles
Player Name G A P +/- PIM S H SB GA TA FO MP PP MP PK MP
------------------------------------------------------------------------------------
Anthony Duclair 1 1 2 1 0 6 1 1 1 1 6/16 25:01 4:54 8:47
Chris Calhan 0 0 0 -1 0 0 0 0 0 0 0/0 5:18 0:00 0:00
Connor Carrick 0 1 1 0 0 3 1 1 0 0 0/0 30:55 4:41 8:52
Drake Caggiula 1 2 3 1 0 3 1 1 0 0 18/29 24:04 4:54 7:55
Gabriel Vilardi 0 0 0 -1 2 1 3 0 0 1 0/0 11:58 0:00 0:00
Jack Dougherty 0 1 1 -1 2 2 3 1 1 4 0/0 25:10 3:11 5:16
Jared McCann 0 0 0 -2 0 2 1 0 1 0 3/6 13:52 0:00 0:28
Jonathan Racine 0 0 0 -1 0 0 0 1 0 0 0/0 18:15 3:11 6:13
Joseph Blandisi 1 0 1 0 2 5 5 0 0 0 3/6 21:32 4:54 5:00
Keaton Middleton 0 0 0 0 0 0 1 0 0 0 0/0 13:32 0:00 0:00
Matteson Iacopelli 0 1 1 0 4 2 1 0 0 0 1/1 13:26 2:58 0:00
Mattias Samuelsson 0 0 0 0 0 0 2 0 0 0 0/0 10:53 0:00 2:14
Michael Carcone 0 0 0 -2 0 0 0 0 1 0 1/1 12:43 0:00 0:00
Michael Dal Colle 0 0 0 -1 0 0 0 0 0 0 0/0 5:52 0:00 0:19
Ryan Murphy 0 1 1 -1 2 1 0 2 1 1 0/0 27:32 4:41 7:35
Sam Steel 0 0 0 -1 0 1 0 0 0 1 0/2 7:50 0:00 2:08
Tyler Motte 1 1 2 0 4 2 2 0 0 0 0/0 13:13 2:58 0:00
Zach Aston-Reese 1 1 2 0 0 1 3 0 0 0 2/3 18:41 2:58 4:57
3 Stars
1 - Tyson Jost (Spr)
2 - Tanner Laczynski (Spr)
3 - Radim Simek (Spr)
Power Play
Thunderbirds - 1 on 8 Attempt(s) - 12.50%
Eagles - 2 on 5 Attempt(s) - 40.00%
Penalty Kill
Thunderbirds - 3 on 5 Attempt(s) - 60.00%
- Score 0 goal in Penalty Kill
Eagles - 7 on 8 Attempt(s) - 87.50%
- Score 1 goal in Penalty Kill
Team Stat
Thunderbirds - Hits : 24 - Faceoff Wins : 30 - Blocked Shots : 10 - Penalty Minutes : 10
Eagles - Hits : 24 - Faceoff Wins : 34 - Blocked Shots : 7 - Penalty Minutes : 16
Official
Referees : Jon McIsaac and Brian Pochmara
Linesman : Steve Miller and Ryan Gibbons
Game Notes
No Game Note
Finance
Level 1 -- Attendance: 1745 (87.25%) -- Ticket Income $122,150
Level 2 -- Attendance: 911 (91.10%) -- Ticket Income $36,440
Total Attendance: 2656 (88.53%)
Total Ticket Income: $158,590
Other Income: $7,930
Total Income: $166,520
Thunderbirds
5 vs 5 Forward
Center Left Wing Right Wing Time % Phy DF OF
1 Dominik Kahun Andrei Svechnikov Anthony Beauvillier 40 0 2 3
2 Tyson Jost Matt Puempel Tanner Laczynski 30 0 2 3
3 Dylan Gambrell Grigori Denisenko Jerry D'Amigo 20 0 2 3
4 Morgan Frost Roberts Lipsbergs Kirill Marchenko 10 0 2 3
5 vs 5 Defense
Defense Defense Time % Phy DF OF
1 Radim Simek Kale Clague 40 0 2 3
2 John Draeger Jacob Larsson 30 0 2 3
3 Jake Walman Jared McIsaac 20 0 2 3
4 Radim Simek Kale Clague 10 0 2 3
PowerPlay Forward
Center Left Wing Right Wing Time % Phy DF OF
1 Dominik Kahun Andrei Svechnikov Anthony Beauvillier 60 0 1 4
2 Dylan Gambrell Grigori Denisenko Tanner Laczynski 40 0 1 4
PowerPlay Defense
Defense Defense Time % Phy DF OF
1 Kale Clague Jacob Larsson 60 0 2 3
2 Radim Simek Jared McIsaac 40 0 2 3
Penalty Kill 4 Players Forward
Center Wing Time % Phy DF OF
1 Tyson Jost Anthony Beauvillier 60 1 3 1
2 Dominik Kahun Jerry D'Amigo 40 1 3 1
Penalty Kill 4 Players Defense
Defense Defense Time % Phy DF OF
1 Radim Simek Jake Walman 60 1 3 1
2 John Draeger Kale Clague 40 1 3 1
Penalty Kill - 3 Players Forward
Forward Time % Phy DF OF
1 Tyson Jost 60 1 3 1
2 Anthony Beauvillier 40 1 3 1
Penalty Kill - 3 Players Defense
Defense Defense Time % Phy DF OF
1 Radim Simek Jake Walman 60 1 4 0
2 John Draeger Kale Clague 40 1 4 0
4 vs 4 Forward
Center Wing Time % Phy DF OF
1 Dominik Kahun Anthony Beauvillier 60 0 2 3
2 Tyson Jost Andrei Svechnikov 40 0 2 3
4 vs 4 Defense
Defense Defense Time % Phy DF OF
1 Radim Simek Kale Clague 60 0 2 3
2 John Draeger Jacob Larsson 40 0 2 3
Last Minutes Offensive
Center Left Wing Right Wing Defense Defense
Dominik Kahun Andrei Svechnikov Anthony Beauvillier Kale Clague Jacob Larsson
Last Minutes Defensive
Center Left Wing Right Wing Defense Defense
Tyson Jost Roberts Lipsbergs Jerry D'Amigo Radim Simek John Draeger
Goaltenders
Starting : Brandon Halverson
Backup : Joseph Woll
Extra Forwards
Normal : Grigori Denisenko, Andrei Svechnikov, Anthony Beauvillier - PP : Grigori Denisenko, Anthony Beauvillier - PK : Roberts Lipsbergs
Extra Defensemen
Normal : Jacob Larsson, Kale Clague, Radim Simek - PP : Jared McIsaac - PK : John Draeger, Radim Simek
Penalty Shots
Andrei Svechnikov, Anthony Beauvillier, Tanner Laczynski, Matt Puempel, Jerry D'Amigo
Custom OT Lines Forwards
Anthony Beauvillier, Jerry D'Amigo, Tanner Laczynski, Andrei Svechnikov, Dominik Kahun, Dylan Gambrell, Tyson Jost, Morgan Frost, Grigori Denisenko, Matt Puempel
Custom OT Lines Defensemen
Radim Simek, John Draeger, Kale Clague, Jake Walman, Jacob Larsson
Scratches
Austin Poganski (Healthy), Mitchell Heard (Healthy), Nicklas Jensen (Healthy), Viktor Baldayev (Healthy), Artur Kayumov (Healthy)
Ivan Prosvetov (Healthy), Jakub Skarek (Healthy)
Eagles
5 vs 5 Forward
Center Left Wing Right Wing Time % Phy DF OF
1 Drake Caggiula Joseph Blandisi Anthony Duclair 40 1 2 2
2 Jared McCann Michael Carcone Gabriel Vilardi 30 1 2 2
3 Zach Aston-Reese Tyler Motte Matteson Iacopelli 20 1 2 2
4 Sam Steel Michael Dal Colle Chris Calhan 10 1 2 2
5 vs 5 Defense
Defense Defense Time % Phy DF OF
1 Connor Carrick Jack Dougherty 40 1 2 2
2 Keaton Middleton Ryan Murphy 30 1 2 2
3 Mattias Samuelsson Jonathan Racine 20 1 2 2
4 Connor Carrick Ryan Murphy 10 1 2 2
PowerPlay Forward
Center Left Wing Right Wing Time % Phy DF OF
1 Drake Caggiula Joseph Blandisi Anthony Duclair 60 1 2 2
2 Zach Aston-Reese Tyler Motte Matteson Iacopelli 40 1 2 2
PowerPlay Defense
Defense Defense Time % Phy DF OF
1 Connor Carrick Ryan Murphy 60 1 2 2
2 Jack Dougherty Jonathan Racine 40 1 2 2
Penalty Kill 4 Players Forward
Center Wing Time % Phy DF OF
1 Anthony Duclair Drake Caggiula 60 1 2 2
2 Joseph Blandisi Zach Aston-Reese 40 1 2 2
Penalty Kill 4 Players Defense
Defense Defense Time % Phy DF OF
1 Connor Carrick Ryan Murphy 60 1 2 2
2 Jack Dougherty Jonathan Racine 40 1 2 2
Penalty Kill - 3 Players Forward
Forward Time % Phy DF OF
1 Anthony Duclair 60 1 2 2
2 Drake Caggiula 40 1 2 2
Penalty Kill - 3 Players Defense
Defense Defense Time % Phy DF OF
1 Connor Carrick Ryan Murphy 60 1 2 2
2 Jack Dougherty Jonathan Racine 40 1 2 2
4 vs 4 Forward
Center Wing Time % Phy DF OF
1 Anthony Duclair Drake Caggiula 60 1 2 2
2 Joseph Blandisi Zach Aston-Reese 40 1 2 2
4 vs 4 Defense
Defense Defense Time % Phy DF OF
1 Connor Carrick Ryan Murphy 60 1 2 2
2 Jack Dougherty Jonathan Racine 40 1 2 2
Last Minutes Offensive
Center Left Wing Right Wing Defense Defense
Drake Caggiula Joseph Blandisi Anthony Duclair Connor Carrick Ryan Murphy
Last Minutes Defensive
Center Left Wing Right Wing Defense Defense
Drake Caggiula Joseph Blandisi Anthony Duclair Connor Carrick Ryan Murphy
Goaltenders
Starting : Adin Hill
Backup : Daniel Altshuller
Extra Forwards
Normal : Jared McCann, Michael Carcone, Sam Steel - PP : Jared McCann, Michael Carcone - PK : Sam Steel
Extra Defensemen
Normal : Keaton Middleton, Mattias Samuelsson, Jack Dougherty - PP : Keaton Middleton - PK : Mattias Samuelsson, Jack Dougherty
Penalty Shots
Anthony Duclair, Drake Caggiula, Joseph Blandisi, Zach Aston-Reese, Jared McCann
Custom OT Lines Forwards
Anthony Duclair, Drake Caggiula, Joseph Blandisi, Zach Aston-Reese, Jared McCann, Tyler Motte, Michael Carcone, Sam Steel, Matteson Iacopelli, Gabriel Vilardi
Custom OT Lines Defensemen
Connor Carrick, Ryan Murphy, Jack Dougherty, Jonathan Racine, Keaton Middleton
Scratches
Dominik Kubalik (Healthy), Kevin Bahl (Healthy), Mark Friedman (Healthy), Tyler Tucker (Healthy), Xavier Ouellet (Healthy)
Alexander Nylander (Healthy), Pius Suter (Healthy), Max Lajoie (Healthy), Pascal Laberge (Healthy), Marian Studenic (Healthy)
Walker Duehr (Healthy), Zachary Emond (Healthy)
% Time on Ice - Thunderbirds
Lines # - Real PCT - Wanted PCT - Time Play
Normal Forward
1 - 29% - 40% - 10:48
2 - 29% - 30% - 10:46
3 - 24% - 20% - 8:51
4 - 19% - 10% - 7:14
Normal Defense
1 - 42% - 40% - 15:47
2 - 36% - 30% - 13:24
3 - 22% - 20% - 8:17
4 - 0% - 10% - 0:11
PP Forward
1 - 55% - 60% - 7:55
2 - 45% - 40% - 6:34
PP Defense
1 - 54% - 60% - 7:50
2 - 46% - 40% - 6:39
PK Forward
1 - 74% - 60% - 5:48
2 - 26% - 40% - 2:04
PK Defense
1 - 59% - 60% - 4:38
2 - 41% - 40% - 3:14
PK3 Forward
1 - 0% - 60%
2 - 0% - 40%
PK3 Defense
1 - 0% - 60%
2 - 0% - 40%
44 Forward
1 - 100% - 60% - 0:36
2 - 0% - 40% - 0:00
44 Defense
1 - 75% - 60% - 0:27
2 - 25% - 40% - 0:09
Last Minute Offensive - 0:00
Last Minute Defensive - 0:00
Total
Forward - 60:36
Defense - 60:36
|
% Time on Ice - Eagles
Lines # - Real PCT - Wanted PCT - Time Play
Normal Forward
1 - 28% - 40% - 10:32
2 - 33% - 30% - 12:33
3 - 25% - 20% - 9:16
4 - 14% - 10% - 5:18
Normal Defense
1 - 43% - 40% - 16:06
2 - 35% - 30% - 13:17
3 - 21% - 20% - 7:59
4 - 1% - 10% - 0:17
PP Forward
1 - 62% - 60% - 4:54
2 - 38% - 40% - 2:58
PP Defense
1 - 60% - 60% - 4:41
2 - 40% - 40% - 3:11
PK Forward
1 - 66% - 60% - 9:32
2 - 34% - 40% - 4:57
PK Defense
1 - 57% - 60% - 8:19
2 - 43% - 40% - 6:10
PK3 Forward
1 - 100% - 60% - 0:36
2 - 0% - 40% - 0:00
PK3 Defense
1 - 100% - 60% - 0:36
2 - 0% - 40% - 0:00
44 Forward
1 - 0% - 60%
2 - 0% - 40%
44 Defense
1 - 0% - 60%
2 - 0% - 40%
Last Minute Offensive - 0:00
Last Minute Defensive - 0:00
Total
Forward - 60:36
Defense - 60:36
|
Play-by-Play
1st period
0:01 of 1st period - Dominik Kahun wins face-off versus Drake Caggiula in neutral zone.
1:33 of 1st period - Icing by Jacob Larsson.
1:34 of 1st period - Joseph Blandisi wins face-off versus Dylan Gambrell in Thunderbirds zone.
1:35 of 1st period - Snap shot by Anthony Duclair.
1:35 of 1st period - Stopped by Brandon Halverson without a rebound.
1:36 of 1st period - Drake Caggiula wins face-off versus Dominik Kahun in Thunderbirds zone.
1:49 of 1st period - Snap shot by Joseph Blandisi.
1:49 of 1st period - Shot Blocked by Jared McIsaac.
1:57 of 1st period - Minor Penalty to Anthony Beauvillier for Holding.
1:58 of 1st period - Drake Caggiula wins face-off versus Tyson Jost in Thunderbirds zone.
2:01 of 1st period - Snap shot by Drake Caggiula.
2:01 of 1st period - Stopped by Brandon Halverson with a rebound.
2:03 of 1st period - Wrist shot by Ryan Murphy.
2:03 of 1st period - Shot Misses the Net.
2:05 of 1st period - Wrist shot by Anthony Duclair.
2:05 of 1st period - Shot Blocked by Radim Simek.
2:07 of 1st period - Snap shot by Drake Caggiula.
2:07 of 1st period - Shot Misses the Net.
2:09 of 1st period - Slapshot by Connor Carrick.
2:09 of 1st period - Stopped by Brandon Halverson without a rebound.
2:10 of 1st period - Tyson Jost wins face-off versus Drake Caggiula in Thunderbirds zone.
3:57 of 1st period - Penalty to Anthony Beauvillier is over, Anthony Beauvillier is back on ice.
4:51 of 1st period - Wrist shot by Roberts Lipsbergs.
4:51 of 1st period - Shot Misses the Net.
4:53 of 1st period - Snap shot by John Draeger.
4:53 of 1st period - Deflect By Jared McCann.
4:53 of 1st period - Stopped by Adin Hill with a rebound.
5:27 of 1st period - Connor Carrick is hit by Tanner Laczynski and loses puck.
5:40 of 1st period - Jake Walman is hit by Joseph Blandisi and loses puck.
5:52 of 1st period - Icing by Connor Carrick.
5:53 of 1st period - Drake Caggiula wins face-off versus Jerry D'Amigo in Eagles zone.
5:53 of 1st period - Drake Caggiula is hit by Grigori Denisenko.
5:59 of 1st period - Jerry D'Amigo is hit by Zach Aston-Reese and loses puck.
6:18 of 1st period - Minor Penalty to Dylan Gambrell for Interference.
6:19 of 1st period - Tyson Jost wins face-off versus Drake Caggiula in Thunderbirds zone.
6:53 of 1st period - Snap shot by Tyler Motte.
6:53 of 1st period - Goal by Tyler Motte - Thunderbirds : 0 - Eagles : 1.
6:54 of 1st period - Dominik Kahun wins face-off versus Drake Caggiula in neutral zone.
7:09 of 1st period - Wrist shot by Dominik Kahun.
7:09 of 1st period - Shot Misses the Net.
8:02 of 1st period - Slapshot by Sam Steel.
8:02 of 1st period - Stopped by Brandon Halverson without a rebound.
8:03 of 1st period - Tyson Jost wins face-off versus Sam Steel in Thunderbirds zone.
9:23 of 1st period - Minor Penalty to Ryan Murphy for Tripping.
9:24 of 1st period - Dominik Kahun wins face-off versus Anthony Duclair in Eagles zone.
9:35 of 1st period - Slapshot by Anthony Duclair.
9:35 of 1st period - Stopped by Brandon Halverson with a rebound.
9:37 of 1st period - Wrist shot by Drake Caggiula.
9:37 of 1st period - Goal by Drake Caggiula - Thunderbirds : 0 - Eagles : 2.
9:38 of 1st period - Anthony Duclair wins face-off versus Dominik Kahun in neutral zone.
11:10 of 1st period - Kale Clague is hit by Jack Dougherty and loses puck.
11:23 of 1st period - Penalty to Ryan Murphy is over, Ryan Murphy is back on ice.
12:54 of 1st period - Slapshot by Joseph Blandisi.
12:54 of 1st period - Shot Blocked by Kale Clague.
12:56 of 1st period - Snap shot by Anthony Duclair.
12:56 of 1st period - Shot Misses the Net.
12:58 of 1st period - Snap shot by Drake Caggiula.
12:58 of 1st period - Shot Blocked by Radim Simek.
13:15 of 1st period - Michael Carcone is hit by John Draeger and loses puck.
13:20 of 1st period - Wrist shot by Morgan Frost.
13:20 of 1st period - Stopped by Adin Hill without a rebound.
13:21 of 1st period - Dylan Gambrell wins face-off versus Joseph Blandisi in Eagles zone.
13:50 of 1st period - Jonathan Racine is hit by Dominik Kahun and loses puck.
14:07 of 1st period - Kale Clague is hit by Zach Aston-Reese and loses puck.
14:18 of 1st period - Wrist shot by Zach Aston-Reese.
14:18 of 1st period - Shot Blocked by Kale Clague.
14:30 of 1st period - Snap shot by Tyson Jost.
14:30 of 1st period - Shot Misses the Net.
14:32 of 1st period - Snap shot by Dylan Gambrell.
14:32 of 1st period - Goal by Dylan Gambrell - Thunderbirds : 1 - Eagles : 2.
14:33 of 1st period - Anthony Duclair wins face-off versus Dominik Kahun in neutral zone.
14:58 of 1st period - Jack Dougherty is hit by Tyson Jost and loses puck.
15:07 of 1st period - Snap shot by Tanner Laczynski.
15:07 of 1st period - Stopped by Adin Hill with a rebound.
15:25 of 1st period - Jack Dougherty is hit by Jerry D'Amigo and loses puck.
16:02 of 1st period - Ryan Murphy is hit by Jared McIsaac and loses puck.
16:26 of 1st period - Off-side.
16:27 of 1st period - Drake Caggiula wins face-off versus Morgan Frost in neutral zone.
16:40 of 1st period - Snap shot by Anthony Duclair.
16:40 of 1st period - Shot Misses the Net.
16:42 of 1st period - Backhand shot by Connor Carrick.
16:42 of 1st period - Deflect By Joseph Blandisi.
16:42 of 1st period - Shot Blocked by Kale Clague.
16:42 of 1st period - Puck is out of play.
16:43 of 1st period - Dominik Kahun wins face-off versus Jared McCann in Thunderbirds zone.
16:49 of 1st period - Jared McCann is hit by Andrei Svechnikov and loses puck.
16:57 of 1st period - Icing by Keaton Middleton.
16:58 of 1st period - Jared McCann wins face-off versus Tyson Jost in Eagles zone.
17:24 of 1st period - Minor Penalty to Joseph Blandisi for Hooking.
17:25 of 1st period - Dominik Kahun wins face-off versus Anthony Duclair in Eagles zone.
17:26 of 1st period - Snap shot by Andrei Svechnikov.
17:26 of 1st period - Stopped by Adin Hill with a rebound.
19:17 of 1st period - Icing by Jared McIsaac.
19:18 of 1st period - Anthony Beauvillier wins face-off versus Jared McCann in Thunderbirds zone.
19:24 of 1st period - Penalty to Joseph Blandisi is over, Joseph Blandisi is back on ice.
19:29 of 1st period - Slapshot by Jared McCann.
19:29 of 1st period - Shot Misses the Net.
19:43 of 1st period - Slapshot by Joseph Blandisi.
19:43 of 1st period - Shot Misses the Net.
19:49 of 1st period - Snap shot by Joseph Blandisi.
19:49 of 1st period - Stopped by Brandon Halverson without a rebound.
19:50 of 1st period - Tyson Jost wins face-off versus Sam Steel in Thunderbirds zone.
19:55 of 1st period - Snap shot by Tanner Laczynski.
19:55 of 1st period - Shot Blocked by Jonathan Racine.
19:57 of 1st period - Wrist shot by Jacob Larsson.
19:57 of 1st period - Shot Misses the Net.
19:59 of 1st period - Snap shot by Jacob Larsson.
19:59 of 1st period - Stopped by Adin Hill without a rebound.
Goals for this period are 1 for Thunderbirds vs 2 for Eagles.
Shots for this period are 6 for Thunderbirds vs 8 for Eagles.
2nd period
0:01 of 2nd period - Drake Caggiula wins face-off versus Dominik Kahun in neutral zone.
0:39 of 2nd period - Slapshot by Tyson Jost.
0:39 of 2nd period - Goal by Tyson Jost - Thunderbirds : 2 - Eagles : 2.
0:40 of 2nd period - Drake Caggiula wins face-off versus Dominik Kahun in neutral zone.
1:05 of 2nd period - Connor Carrick is hit by Tyson Jost and loses puck.
1:12 of 2nd period - Backhand shot by Jared McCann.
1:12 of 2nd period - Stopped by Brandon Halverson with a rebound.
1:14 of 2nd period - Slapshot by Ryan Murphy.
1:14 of 2nd period - Stopped by Brandon Halverson without a rebound.
1:15 of 2nd period - Drake Caggiula wins face-off versus Dominik Kahun in Thunderbirds zone.
1:20 of 2nd period - Slapshot by Joseph Blandisi.
1:20 of 2nd period - Goal by Joseph Blandisi - Thunderbirds : 2 - Eagles : 3.
1:21 of 2nd period - Dominik Kahun wins face-off versus Joseph Blandisi in neutral zone.
1:51 of 2nd period - Slapshot by Jared McCann.
1:51 of 2nd period - Stopped by Brandon Halverson with a rebound.
2:13 of 2nd period - Matteson Iacopelli is hit by Jacob Larsson.
2:32 of 2nd period - Minor Penalty to Tyler Motte for Tripping.
2:33 of 2nd period - Andrei Svechnikov wins face-off versus Anthony Duclair in Eagles zone.
2:35 of 2nd period - Wrist shot by Anthony Beauvillier.
2:35 of 2nd period - Shot Blocked by Drake Caggiula.
2:37 of 2nd period - Wrist shot by Anthony Beauvillier.
2:37 of 2nd period - Stopped by Adin Hill with a rebound.
2:39 of 2nd period - Snap shot by Andrei Svechnikov.
2:39 of 2nd period - Deflect By Dominik Kahun.
2:39 of 2nd period - Stopped by Adin Hill without a rebound.
2:40 of 2nd period - Dominik Kahun wins face-off versus Anthony Duclair in Eagles zone.
2:47 of 2nd period - Slapshot by Connor Carrick.
2:47 of 2nd period - Shot Blocked by Dominik Kahun.
3:30 of 2nd period - Icing by Radim Simek.
3:31 of 2nd period - Anthony Duclair wins face-off versus Dominik Kahun in Thunderbirds zone.
3:44 of 2nd period - Slapshot by Radim Simek.
3:44 of 2nd period - Deflect By Ryan Murphy.
3:44 of 2nd period - Goal by Radim Simek - Thunderbirds : 3 - Eagles : 3.
3:45 of 2nd period - Dominik Kahun wins face-off versus Joseph Blandisi in neutral zone.
4:10 of 2nd period - Tanner Laczynski is hit by Jared McCann and loses puck.
4:32 of 2nd period - Slapshot by Jacob Larsson.
4:32 of 2nd period - Shot Blocked by Ryan Murphy.
4:37 of 2nd period - Off-side.
4:38 of 2nd period - Drake Caggiula wins face-off versus Morgan Frost in neutral zone.
4:43 of 2nd period - Roberts Lipsbergs is hit by Joseph Blandisi and loses puck.
5:04 of 2nd period - Radim Simek is hit by Tyler Motte and loses puck.
5:13 of 2nd period - Ryan Murphy is hit by Radim Simek and loses puck.
5:51 of 2nd period - John Draeger is hit by Jack Dougherty and loses puck.
5:57 of 2nd period - Minor Penalty to Gabriel Vilardi for Slashing.
5:58 of 2nd period - Dominik Kahun wins face-off versus Anthony Duclair in Eagles zone.
6:03 of 2nd period - Slapshot by Dominik Kahun.
6:03 of 2nd period - Shot Misses the Net.
6:27 of 2nd period - Slapshot by Ryan Murphy.
6:27 of 2nd period - Shot Misses the Net.
6:49 of 2nd period - Anthony Beauvillier is hit by Drake Caggiula and loses puck.
7:57 of 2nd period - Penalty to Gabriel Vilardi is over, Gabriel Vilardi is back on ice.
9:03 of 2nd period - Minor Penalty to Dylan Gambrell for High sticking.
9:04 of 2nd period - Tyson Jost wins face-off versus Drake Caggiula in Thunderbirds zone.
9:19 of 2nd period - Wrist shot by Joseph Blandisi.
9:19 of 2nd period - Stopped by Brandon Halverson without a rebound.
9:20 of 2nd period - Drake Caggiula wins face-off versus Tyson Jost in Thunderbirds zone.
9:27 of 2nd period - Slapshot by Joseph Blandisi.
9:27 of 2nd period - Stopped by Brandon Halverson with a rebound.
9:29 of 2nd period - Wrist shot by Drake Caggiula.
9:29 of 2nd period - Stopped by Brandon Halverson without a rebound.
9:30 of 2nd period - Tyson Jost wins face-off versus Drake Caggiula in Thunderbirds zone.
10:23 of 2nd period - Snap shot by Anthony Duclair.
10:23 of 2nd period - Goal by Anthony Duclair - Thunderbirds : 3 - Eagles : 4.
10:24 of 2nd period - Jared McCann wins face-off versus Dominik Kahun in neutral zone.
11:15 of 2nd period - Snap shot by Jerry D'Amigo.
11:15 of 2nd period - Stopped by Adin Hill without a rebound.
11:16 of 2nd period - Drake Caggiula wins face-off versus Jerry D'Amigo in Eagles zone.
11:30 of 2nd period - Wrist shot by Drake Caggiula.
11:30 of 2nd period - Shot Misses the Net.
11:32 of 2nd period - Snap shot by Drake Caggiula.
11:32 of 2nd period - Shot Misses the Net.
12:04 of 2nd period - Snap shot by Dominik Kahun.
12:04 of 2nd period - Shot Misses the Net.
12:06 of 2nd period - Wrist shot by Dominik Kahun.
12:06 of 2nd period - Stopped by Adin Hill with a rebound.
12:08 of 2nd period - Snap shot by Andrei Svechnikov.
12:08 of 2nd period - Shot Misses the Net.
12:10 of 2nd period - Snap shot by Andrei Svechnikov.
12:10 of 2nd period - Shot Blocked by Jack Dougherty.
12:16 of 2nd period - Wrist shot by Anthony Beauvillier.
12:16 of 2nd period - Shot Misses the Net.
12:46 of 2nd period - Michael Dal Colle is hit by Kirill Marchenko and loses puck.
13:11 of 2nd period - Snap shot by Dominik Kahun.
13:11 of 2nd period - Shot Misses the Net.
13:13 of 2nd period - Slapshot by John Draeger.
13:13 of 2nd period - Shot Misses the Net.
13:33 of 2nd period - Snap shot by Jared McCann.
13:33 of 2nd period - Deflect By Gabriel Vilardi.
13:33 of 2nd period - Stopped by Brandon Halverson without a rebound.
13:34 of 2nd period - Joseph Blandisi wins face-off versus Grigori Denisenko in Thunderbirds zone.
13:47 of 2nd period - Snap shot by Joseph Blandisi.
13:47 of 2nd period - Stopped by Brandon Halverson without a rebound.
13:48 of 2nd period - Drake Caggiula wins face-off versus Dominik Kahun in Thunderbirds zone.
14:13 of 2nd period - Michael Carcone is hit by Tyson Jost and loses puck.
14:20 of 2nd period - Snap shot by Tanner Laczynski.
14:20 of 2nd period - Goal by Tanner Laczynski - Thunderbirds : 4 - Eagles : 4.
14:21 of 2nd period - Dominik Kahun wins face-off versus Drake Caggiula in neutral zone.
14:48 of 2nd period - Jared McCann is hit by Tyson Jost and loses puck.
15:14 of 2nd period - Jerry D'Amigo is hit by Mattias Samuelsson and loses puck.
16:23 of 2nd period - Minor Penalty to Matteson Iacopelli for Boarding.
16:24 of 2nd period - Anthony Duclair wins face-off versus Dominik Kahun in Eagles zone.
16:38 of 2nd period - Snap shot by Andrei Svechnikov.
16:38 of 2nd period - Shot Blocked by Ryan Murphy.
16:40 of 2nd period - Slapshot by Kale Clague.
16:40 of 2nd period - Stopped by Adin Hill with a rebound.
17:44 of 2nd period - Icing by Matt Puempel.
17:45 of 2nd period - Anthony Duclair wins face-off versus Dylan Gambrell in Thunderbirds zone.
18:04 of 2nd period - Dylan Gambrell is hit by Joseph Blandisi and loses puck.
18:23 of 2nd period - Penalty to Matteson Iacopelli is over, Matteson Iacopelli is back on ice.
18:57 of 2nd period - Snap shot by Zach Aston-Reese.
18:57 of 2nd period - Shot Misses the Net.
18:59 of 2nd period - Snap shot by Matteson Iacopelli.
18:59 of 2nd period - Stopped by Brandon Halverson without a rebound.
19:00 of 2nd period - Zach Aston-Reese wins face-off versus Tyson Jost in Thunderbirds zone.
19:21 of 2nd period - Matt Puempel is hit by Zach Aston-Reese and loses puck.
19:38 of 2nd period - Slapshot by Tyson Jost.
19:38 of 2nd period - Stopped by Adin Hill without a rebound.
19:39 of 2nd period - Drake Caggiula wins face-off versus Dominik Kahun in Eagles zone.
19:47 of 2nd period - Minor Penalty to Kale Clague for Hooking.
19:48 of 2nd period - Drake Caggiula wins face-off versus Tyson Jost in Thunderbirds zone.
19:49 of 2nd period - Wrist shot by Anthony Duclair.
19:49 of 2nd period - Stopped by Brandon Halverson without a rebound.
19:50 of 2nd period - Tyson Jost wins face-off versus Drake Caggiula in Thunderbirds zone.
Goals for this period are 3 for Thunderbirds vs 2 for Eagles.
Shots for this period are 9 for Thunderbirds vs 12 for Eagles.
3rd period
0:01 of 3rd period - Drake Caggiula wins face-off versus Tyson Jost in neutral zone.
0:35 of 3rd period - Slapshot by Ryan Murphy.
0:35 of 3rd period - Shot Blocked by Radim Simek.
1:27 of 3rd period - Connor Carrick is hit by Jacob Larsson and loses puck.
1:47 of 3rd period - Penalty to Kale Clague is over, Kale Clague is back on ice.
2:00 of 3rd period - Jake Walman is hit by Gabriel Vilardi.
2:04 of 3rd period - Snap shot by Jerry D'Amigo.
2:04 of 3rd period - Stopped by Adin Hill without a rebound.
2:05 of 3rd period - Jared McCann wins face-off versus Dylan Gambrell in Eagles zone.
2:05 of 3rd period - Jared McCann is hit by Dylan Gambrell.
2:31 of 3rd period - Mattias Samuelsson is hit by Kale Clague and loses puck.
3:00 of 3rd period - Snap shot by Matt Puempel.
3:00 of 3rd period - Stopped by Adin Hill with a rebound.
3:10 of 3rd period - Snap shot by Jack Dougherty.
3:10 of 3rd period - Shot Blocked by Jacob Larsson.
3:12 of 3rd period - Slapshot by Connor Carrick.
3:12 of 3rd period - Deflect By Matteson Iacopelli.
3:12 of 3rd period - Stopped by Brandon Halverson without a rebound.
3:13 of 3rd period - Morgan Frost wins face-off versus Zach Aston-Reese in Thunderbirds zone.
3:13 of 3rd period - Morgan Frost is hit by Tyler Motte.
3:21 of 3rd period - Snap shot by Jared McIsaac.
3:21 of 3rd period - Shot Misses the Net.
3:23 of 3rd period - Slapshot by Jared McIsaac.
3:23 of 3rd period - Deflect By Roberts Lipsbergs.
3:23 of 3rd period - Stopped by Adin Hill without a rebound.
3:24 of 3rd period - Drake Caggiula wins face-off versus Dominik Kahun in Eagles zone.
4:00 of 3rd period - Matt Puempel is hit by Gabriel Vilardi and loses puck.
4:19 of 3rd period - Snap shot by Tanner Laczynski.
4:19 of 3rd period - Stopped by Adin Hill with a rebound.
4:21 of 3rd period - Snap shot by Kale Clague.
4:21 of 3rd period - Stopped by Adin Hill with a rebound.
4:23 of 3rd period - Slapshot by Tyson Jost.
4:23 of 3rd period - Stopped by Adin Hill with a rebound.
4:25 of 3rd period - Snap shot by Tyson Jost.
4:25 of 3rd period - Goal by Tyson Jost - Thunderbirds : 5 - Eagles : 4.
4:26 of 3rd period - Dominik Kahun wins face-off versus Drake Caggiula in neutral zone.
4:37 of 3rd period - Slapshot by Connor Carrick.
4:37 of 3rd period - Deflect By Kale Clague.
4:37 of 3rd period - Stopped by Brandon Halverson without a rebound.
4:38 of 3rd period - Drake Caggiula wins face-off versus Dominik Kahun in Thunderbirds zone.
4:54 of 3rd period - Icing by Kale Clague.
4:55 of 3rd period - Dominik Kahun wins face-off versus Jared McCann in Thunderbirds zone.
5:14 of 3rd period - Slapshot by Anthony Beauvillier.
5:14 of 3rd period - Shot Misses the Net.
5:16 of 3rd period - Slapshot by Radim Simek.
5:16 of 3rd period - Stopped by Adin Hill without a rebound.
5:17 of 3rd period - Drake Caggiula wins face-off versus Tyson Jost in Eagles zone.
5:22 of 3rd period - Snap shot by Anthony Duclair.
5:22 of 3rd period - Stopped by Brandon Halverson with a rebound.
6:07 of 3rd period - Slapshot by Jack Dougherty.
6:07 of 3rd period - Stopped by Brandon Halverson without a rebound.
6:08 of 3rd period - Matteson Iacopelli wins face-off versus Andrei Svechnikov in Thunderbirds zone.
6:17 of 3rd period - Andrei Svechnikov is hit by Connor Carrick and loses puck.
6:34 of 3rd period - Connor Carrick is hit by Anthony Beauvillier.
6:45 of 3rd period - Minor Penalty to Jack Dougherty for Holding.
6:46 of 3rd period - Dylan Gambrell wins face-off versus Anthony Duclair in Eagles zone.
7:39 of 3rd period - Tanner Laczynski is hit by Mattias Samuelsson.
8:45 of 3rd period - Penalty to Jack Dougherty is over, Jack Dougherty is back on ice.
8:49 of 3rd period - Snap shot by Dominik Kahun.
8:49 of 3rd period - Stopped by Adin Hill without a rebound.
8:50 of 3rd period - Michael Carcone wins face-off versus Morgan Frost in Eagles zone.
8:57 of 3rd period - Wrist shot by Jared McCann.
8:57 of 3rd period - Shot Misses the Net.
8:59 of 3rd period - Wrist shot by Connor Carrick.
8:59 of 3rd period - Deflect By Matt Puempel.
8:59 of 3rd period - Stopped by Brandon Halverson with a rebound.
9:01 of 3rd period - Slapshot by Jack Dougherty.
9:01 of 3rd period - Deflect By Jacob Larsson.
9:01 of 3rd period - Stopped by Brandon Halverson with a rebound.
9:16 of 3rd period - Minor Penalty to Tyler Motte for Roughing.
9:17 of 3rd period - Anthony Beauvillier wins face-off versus Anthony Duclair in Eagles zone.
9:55 of 3rd period - Wrist shot by Tanner Laczynski.
9:55 of 3rd period - Deflect By Dylan Gambrell.
9:55 of 3rd period - Stopped by Adin Hill without a rebound.
9:56 of 3rd period - Dominik Kahun wins face-off versus Anthony Duclair in Eagles zone.
9:59 of 3rd period - Wrist shot by Dominik Kahun.
9:59 of 3rd period - Stopped by Adin Hill without a rebound.
10:00 of 3rd period - Dominik Kahun wins face-off versus Anthony Duclair in Eagles zone.
10:33 of 3rd period - Snap shot by Dylan Gambrell.
10:33 of 3rd period - Stopped by Adin Hill with a rebound.
10:35 of 3rd period - Snap shot by Kale Clague.
10:35 of 3rd period - Stopped by Adin Hill without a rebound.
10:36 of 3rd period - Drake Caggiula wins face-off versus Dominik Kahun in Eagles zone.
10:49 of 3rd period - Ryan Murphy is hit by Anthony Beauvillier and loses puck.
11:00 of 3rd period - Tanner Laczynski is hit by Joseph Blandisi and loses puck.
11:16 of 3rd period - Penalty to Tyler Motte is over, Tyler Motte is back on ice.
11:58 of 3rd period - Slapshot by Tanner Laczynski.
11:58 of 3rd period - Stopped by Adin Hill with a rebound.
12:00 of 3rd period - Snap shot by Radim Simek.
12:00 of 3rd period - Stopped by Adin Hill without a rebound.
12:01 of 3rd period - Dominik Kahun wins face-off versus Drake Caggiula in Eagles zone.
12:50 of 3rd period - Tyler Motte is hit by Grigori Denisenko and loses puck.
13:09 of 3rd period - Snap shot by Anthony Duclair.
13:09 of 3rd period - Shot Misses the Net.
13:11 of 3rd period - Minor Penalty to Dylan Gambrell for Hooking.
13:12 of 3rd period - Tyson Jost wins face-off versus Drake Caggiula in Thunderbirds zone.
13:12 of 3rd period - Tyson Jost is hit by Joseph Blandisi.
13:22 of 3rd period - Tyson Jost is hit by Anthony Duclair and loses puck.
14:43 of 3rd period - Kale Clague is hit by Matteson Iacopelli and loses puck.
14:54 of 3rd period - Tyler Motte is hit by Kale Clague.
15:11 of 3rd period - Penalty to Dylan Gambrell is over, Dylan Gambrell is back on ice.
15:21 of 3rd period - Matt Puempel is hit by Keaton Middleton and loses puck.
15:36 of 3rd period - Mattias Samuelsson is hit by Anthony Beauvillier and loses puck.
16:52 of 3rd period - Mattias Samuelsson is hit by Grigori Denisenko and loses puck.
17:02 of 3rd period - Snap shot by Jerry D'Amigo.
17:02 of 3rd period - Shot Misses the Net.
17:38 of 3rd period - Jake Walman is hit by Gabriel Vilardi and loses puck.
17:51 of 3rd period - Snap shot by Dominik Kahun.
17:51 of 3rd period - Stopped by Adin Hill with a rebound.
17:53 of 3rd period - Slapshot by John Draeger.
17:53 of 3rd period - Shot Blocked by Connor Carrick.
18:08 of 3rd period - Jack Dougherty is hit by John Draeger and loses puck.
18:11 of 3rd period - Snap shot by Tyler Motte.
18:11 of 3rd period - Stopped by Brandon Halverson with a rebound.
18:13 of 3rd period - Snap shot by Jack Dougherty.
18:13 of 3rd period - Shot Blocked by John Draeger.
18:15 of 3rd period - Slapshot by Zach Aston-Reese.
18:15 of 3rd period - Goal by Zach Aston-Reese - Thunderbirds : 5 - Eagles : 5.
18:16 of 3rd period - Zach Aston-Reese wins face-off versus Dylan Gambrell in neutral zone.
18:36 of 3rd period - Minor Penalty to Matteson Iacopelli for Roughing.
18:37 of 3rd period - Dominik Kahun wins face-off versus Anthony Duclair in Eagles zone.
19:49 of 3rd period - Jared McIsaac is hit by Jack Dougherty and loses puck.
Goals for this period are 1 for Thunderbirds vs 1 for Eagles.
Shots for this period are 16 for Thunderbirds vs 8 for Eagles.
Overtime #1
0:01 of 1st overtime period - Anthony Duclair wins face-off versus Dominik Kahun in neutral zone.
0:36 of 1st overtime period - Penalty to Matteson Iacopelli is over, Matteson Iacopelli is back on ice.
1:09 of 1st overtime period - Wrist shot by Tanner Laczynski.
1:09 of 1st overtime period - Shot Misses the Net.
1:21 of 1st overtime period - Wrist shot by Tanner Laczynski.
1:21 of 1st overtime period - Shot Blocked by Anthony Duclair.
1:35 of 1st overtime period - Snap shot by Anthony Duclair.
1:35 of 1st overtime period - Stopped by Brandon Halverson without a rebound.
1:36 of 1st overtime period - Joseph Blandisi wins face-off versus Anthony Beauvillier in Thunderbirds zone.
4:28 of 1st overtime period - Wrist shot by Andrei Svechnikov.
4:28 of 1st overtime period - Goal by Andrei Svechnikov - Thunderbirds : 6 - Eagles : 5.
Goals for this period are 1 for Thunderbirds vs 0 for Eagles.
Shots for this period are 1 for Thunderbirds vs 1 for Eagles.